 Dungeon Crawl Stone Soup version 0.30-a0-219-gf2db51d15e (webtiles) character file.

Game seed: 12207500035100784337

43 tombik the Magician (level 3, -1/28 HPs)
             Began as a Gnoll Wanderer on Oct 6, 2022.
             Was an Initiate of Gozag.
             Slain by a gnoll
             ... wielding a +0 whip
              (9 damage)
             ... on level 2 of the Dungeon.
             The game lasted 00:09:53 (1612 turns).

tombik the Magician (Gnoll Wanderer)                Turns: 1612, Time: 00:09:56

Health: -1/28      AC:  3    Str:  9 (12) XL:     3   Next: 58%
Magic:  9/9        EV: 11    Int: 13      God:    Gozag
Gold:   191        SH:  0    Dex:  7 (8)  Spells: 11/12 levels left

rFire   . . .      SeeInvis .    a - +0 club
rCold   . . .      Faith    .    (no shield)
rNeg    . . .      Spirit   .    c - +0 leather armour
rPois   .          Reflect  .    (no helmet)
rElec   .          Harm     .    (no cloak)
rCorr   .          Rampage  .    (no gloves)
Will    +....                    (no boots)
Stlth   +.........               (no amulet)
HPRegen 0.24/turn                (no ring)
MPRegen 0.11/turn                (no ring)

@: unable to drink
A: fangs 1, strong nose, distributed training, clumsy 1, strong-willed 1, sense
surroundings 1, inability to drink after injury 1
a: Renounce Religion, Potion Petition, Call Merchant, Bribe Branch


You were on level 2 of the Dungeon.
You worshipped Gozag.
Gozag was aware of your devotion.
You visited 1 branch of the dungeon, and saw 2 of its levels.

You collected 191 gold pieces.

Inventory:

Hand Weapons
 a - a +0 club (weapon)
Armour
 c - a +0 leather armour (worn)
Wands
 d - a wand of polymorph (6) (quivered)
Scrolls
 e - a scroll of immolation {unknown}
 f - 2 scrolls of torment
 g - a scroll of amnesia {unknown}
Potions
 b - a potion of lignification


   Skills:
 + Level 2.6 Fighting
 + Level 0.9 Short Blades
 + Level 0.9 Long Blades
 + Level 0.9 Axes
 + Level 0.9 Maces & Flails
 + Level 0.9 Polearms
 + Level 0.9 Staves
 + Level 0.9 Ranged Weapons
 + Level 0.9 Throwing
 + Level 0.9 Armour
 + Level 0.9 Dodging
 + Level 2.4 Stealth
 + Level 0.9 Shields
 + Level 0.9 Unarmed Combat
 + Level 5.0 Spellcasting
 + Level 0.6 Conjurations
 + Level 0.6 Hexes
 + Level 0.6 Summonings
 + Level 0.6 Necromancy
 + Level 0.6 Translocations
 + Level 0.6 Transmutations
 + Level 0.6 Fire Magic
 + Level 0.6 Ice Magic
 + Level 0.6 Air Magic
 + Level 2.1 Earth Magic
 + Level 3.8 Poison Magic
 + Level 2.7 Invocations
 + Level 4.5 Evocations


You had 11 spell levels left.
You knew the following spells:

 Your Spells              Type           Power      Damage    Failure   Level
a - Sandblast             Erth           16%        2d6       11%         1

Your spell library contained the following spells:

 Spells                   Type           Power      Damage    Failure   Level
 Sting                    Tmut/Pois      36%        1d4       11%         1
 Apportation              Tloc           8%         N/A       21%         1
 Sublimation of Blood     Necr           4%         N/A       30%         2
 Wereblood                Tmut           4%         N/A       30%         2
 Spider Form              Tmut/Pois      9%         N/A       30%         3
 Ignite Poison            Fire/Tmut/Pois 7%         N/A       36%         3
 Stone Arrow              Conj/Erth      12%        3d7       41%         3
 Kindle Blastsparks       Fire/Tloc/Air  8%         2d10      52%         3
 Fulminant Prism          Conj/Hex       2%         3d6       89%         4
 Iskenderun's Mystic Bla  Conj/Tloc      4%         2d3       89%         4
 Alistair's Intoxication  Tmut/Pois      6%         N/A       96%         5
 Lee's Rapid Deconstruct  Erth           4%         3d6*      96%         5
 Summon Hydra             Summ           2%         N/A       100%        7


Dungeon Overview and Level Annotations

Branches:
Dungeon (2/15)

Altars:
Gozag
Vehumet


Innate Abilities, Weirdness & Mutations

You have very sharp teeth.
Your uncanny sense of smell can sniff out nearby items.
Your experience applies equally to all skills.
You are clumsy. (Dex -2)
You are strong-willed. (Will+)
You passively map a small area around you.
You occasionally lose the ability to drink potions when taking damage.


Message History

e - a scroll labelled ODOGIBL SYOXEEPT You see here a +0 leather armour.
g - a scroll labelled ZEGRIS LISHIQU A gnoll comes into view.
It is wielding a +0 whip.
Found a scroll of fog.
Casting: Sandblast (safe; 11% risk of failure)
Confirm with . or Enter, or press ? or * to list all spells.
Aiming: Sandblast (safe; 11% risk of failure)
Press: ? - help, Shift-Dir - straight line, f - gnoll
Aim: a gnoll, wielding a +0 whip (asleep, 100% to hit)
The blast of sand hits the gnoll!
The gnoll is severely wounded.
The gnoll shouts!
You hear a shout! x2
You closely miss the gnoll.
The gnoll is heavily wounded.
The gnoll hits you with a +0 whip.
You hit the gnoll.
The gnoll is severely wounded.
A gnoll comes into view. It is wielding a +0 whip.
The gnoll hits you with a +0 whip.
You hit the gnoll. Your bite misses the gnoll.
The gnoll is severely wounded.
The gnoll hits you with a +0 whip. The gnoll misses you.
You barely miss the gnoll.
The gnoll is severely wounded.
The gnoll hits you but does no damage.
You hit the gnoll. Your bite misses the gnoll.
The gnoll is almost dead.
The gnoll hits you with a +0 whip.
You barely miss the gnoll. You bite the gnoll, but do no damage.
The gnoll is almost dead.
The gnoll hits you but does no damage.
You hit the gnoll.
The gnoll is almost dead.
The gnoll hits you with a +0 whip.
* * * LOW HITPOINT WARNING * * *
The gnoll hits you with a +0 whip!
You feel threatened and lose the ability to drink potions!
You die...
Your body crumbles into a pile of gold.

#####..... *,,
.......... ,
..>....... ,
.......... *
*#.........
##..###.## #. ,,#.##
### ### ### ###..#
#@###.###.###.###.
#.g#.#.#.#.#.#.#.#..
#.g#.#.#.#.#.#.#.#..
#?###.###.###.###.##
#. ### ###*### ####
## ** * , #... ,,, *
#### * * * , * *


You could see 2 gnolls.

Vanquished Creatures
  An adder (D:2)
  A dart slug (D:1)
  4 endoplasms
  4 giant cockroaches
  4 goblins
  5 hobgoblins
  2 quokkas
  A ball python (D:1)
  A bat (D:2)
  2 frilled lizards
  2 rats
27 creatures vanquished.

Notes
Turn   | Place    | Note
-------+----------+-------------------------------------------
     0 | D:1      | tombik the Gnoll Wanderer began the quest for the Orb.
     0 | D:1      | tombik set off with the following items: a +0 club, a
                  | potion of lignification, a +0 leather armour, a wand of
                  | polymorph (6); and the following spells available to
                  | memorise: Sandblast, Sting, Spider Form, Ignite Poison,
                  | Stone Arrow.
     0 | D:1      | Reached XP level 1. HP: 17/17 MP: 6/6
   223 | D:1      | Reached XP level 2. HP: 20/23 MP: 7/7
   240 | D:1      | Learned a level 1 spell: Sandblast
   692 | D:1      | Found a faded altar of an unknown god.
   784 | D:1      | Prayed at the altar of an unknown god.
   784 | D:1      | Became a worshipper of Gozag Ym Sagoz the Greedy
   831 | D:2      | Reached skill level 5 in Spellcasting
   831 | D:2      | Reached XP level 3. HP: 28/28 MP: 5/9
  1146 | D:2      | Gained mutation: You occasionally lose the ability to drink
                  | potions when taking damage. [potion of mutation]
  1146 | D:2      | Gained mutation: You are clumsy. (Dex -2) [potion of
                  | mutation]
  1146 | D:2      | Gained mutation: You are strong-willed. (Will+) [potion of
                  | mutation]
  1146 | D:2      | Gained mutation: You passively map a small area around you.
                  | [potion of mutation]
  1201 | D:2      | Found a radiant altar of Vehumet.
  1612 | D:2      | Slain by a gnoll

Illustrated notes

Levels and vault maps discovered:
D:1:      lightli_arrival_isolated_outpost, layout_loops_ring,
          ebering_ecumenical_altar_webs
D:2:      layout_basic, basic_altar, grunt_decor_resistance

Skill      XL: |  1  2 |
---------------+-------+-----
Earth Magic    | 2 |  2.1
Spellcasting   | 5 |  5.0
Fighting       | |  2.6
Short Blades   | |  0.9
Long Blades    | |  0.9
Axes           | |  0.9
Maces & Flails | |  0.9
Polearms       | |  0.9
Staves         | |  0.9
Ranged Weapons | |  0.9
Throwing       | |  0.9
Armour         | |  0.9
Dodging        | |  0.9
Stealth        | |  2.4
Shields        | |  0.9
Unarmed Combat | |  0.9
Conjurations   | |  0.6
Hexes          | |  0.6
Summonings     | |  0.6
Necromancy     | |  0.6
Translocations | |  0.6
Transmutations | |  0.6
Fire Magic     | |  0.6
Ice Magic      | |  0.6
Air Magic      | |  0.6
Poison Magic   | |  3.8
Invocations    | |  2.7
Evocations     | |  4.5

Action                   || total
-------------------------++-------
Melee: Club              ||    92
       Bite              ||     9
       Punch             ||     1
 Cast: Sandblast         ||    22
  Use: Potion            ||     4
       Scroll            ||     5
 Stab: Sleeping          ||     1
Armor: Leather armour    ||    21
Dodge: Dodged            ||    53

Table legend: (Time is in decaauts)
 A = Elapsed time spent in this place.
 B = Non-inter-level travel time spent in this place.
 C = Inter-level travel time spent in this place.
 D = Time resting spent in this place.
 E = Time spent auto-exploring this place.
 F = Levels seen in this place.
 G = Mean time per level.
                   A        B        C        D        E       F      G
               +--------+--------+--------+--------+--------+-----+--------+
         Total |   1661 |   1587 |     74 |    100 |   1215 |   2 |  830.5 |
       Dungeon |   1661 |   1587 |     74 |    100 |   1215 |   2 |  830.5 |
               +--------+--------+--------+--------+--------+-----+--------+

Top non-repeatable levels by time:
     D:1: 852 daAuts
     D:2: 809 daAuts
